 Dungeon Crawl Stone Soup version 0.29-a0-334-gb41bcbb86e (webtiles) character file.

Game seed: 16456309589514257305

137 spaghetti the Sneak (level 5, 0/34 HPs)
             Began as an Octopode Brigand on Apr 14, 2022.
             Slain by an iguana (14 damage)
             ... on level 4 of the Dungeon.
             The game lasted 00:05:12 (3265 turns).

spaghetti the Sneak (Octopode Brigand)              Turns: 3265, Time: 00:05:13

Health: 0/34       AC:  1    Str: 11    XL:     5   Next: 20%
Magic:  5/5        EV: 14    Int: 13    God:
Gold:   221        SH:  0    Dex: 15    Spells: 4/4 levels left

rFire   . . .      SeeInvis .   a - +2 dagger {short}
rCold   . . .      Faith    .   (no shield)
rNeg    . . .      Spirit   .   (helmet restricted)
rPois   .          Reflect  .   (no amulet)
rElec   .          Harm     .   (no ring)
rCorr   .          Rampage  .   (no ring)
Will    .....                   (no ring)
Stlth   ++++......              (no ring)
HPRegen 0.11/turn               (no ring)
MPRegen 0.09/turn               (no ring)
                                (no ring)
                                (no ring)

@: brilliant
A: almost no armour, amphibious, 8 rings, camouflage 1, gelatinous body 1,
(nimble swimmer 1), tentacles
a: no special abilities


You were on level 4 of the Dungeon.
You visited 1 branch of the dungeon, and saw 4 of its levels.

You collected 221 gold pieces.


Innate Abilities, Weirdness & Mutations

You cannot wear most types of armour.
You are amphibious.
You can wear up to eight rings at the same time.
Your skin changes colour to match your surroundings (Stealth+).
Your rubbery body absorbs attacks. (AC +1, EV +1)
((You are camouflaged when in or above water. (Stealth+)))
You have tentacles for arms and can constrict up to eight enemies at once.


   Skills:
 - Level 2.0 Fighting
 - Level 2.0(2.5) Short Blades
 + Level 2.4(2.8) Long Blades
 - Level 2.0 Throwing
 * Level 4.0 Dodging
 - Level 5.3 Stealth


You had 4 spell levels left.
You didn't know any spells.
Your spell library contained the following spells:

 Spells                   Type           Power      Damage    Failure   Level
 Static Discharge         Conj/Air       0%         N/A       43%         2
 Dispel Undead            Necr           0%         3d6       97%         4
 Sticky Flame             Conj/Fire      0%         2d3       97%         4

Inventory:

Hand Weapons
 a - a +2 dagger (weapon) {short}
 u - a +0 dagger of flaming {short}
   (You took it off an orc on level 3 of the Dungeon)
Missiles
 b - 13 poisoned darts {throwing}
 c - 2 curare-tipped darts {=fthrowing}
 d - 154 stones (quivered) {throwing}
 l - 3 boomerangs {throwing}
Magical Staves
 v - a staff of conjuration {!a@e2staff}
   (You found it on level 4 of the Dungeon)
Jewellery
 m - a ring of see invisible
   (You found it on level 2 of the Dungeon)
 s - a ring of flight
   (You found it on level 3 of the Dungeon)
Scrolls
 e - a scroll of fog {unknown}
 f - 4 scrolls of teleportation {unknown}
 h - a scroll of summoning {unknown}
 i - 3 scrolls of identify {unknown}
 j - 2 scrolls of magic mapping {unknown}
 p - a scroll of torment {unknown}
 q - 3 scrolls of amnesia {unknown}
Potions
 g - a potion of magic
 k - 2 potions of invisibility {unknown}
 n - 2 potions of berserk rage {unknown}
 o - 2 potions of brilliance
 t - a potion of cancellation

Dungeon Overview and Level Annotations

Branches:
Dungeon (4/15)
 Temple: D:4-7

Altars:

Shops:
D:2

= .#.)..#.###.# ..#
.#..<..#...##... . .
#.#....#....#...#...
.###...#.....#.#.#.# .
#†###.# ...#.#.#.#
...#...###...#.#.#.#
...#....#.###.#...#
...#.....#...##...#
###.#....#....#.@l#
..###...#.....#.#.(....
### ####.#....#.# .##..
####...#.# # ####.##
###


You could see an iguana.


Message History

A quokka is nearby!
A quokka is nearby!
A quokka is nearby!
The quokka bites you. 😕 HP[-2]
You take 2 damage, and now have 32/34 hp.
You are too injured to fight recklessly!
You are too injured to fight recklessly!
You are too injured to fight recklessly!
You are too injured to fight recklessly!
You are too injured to fight recklessly!
You are too injured to fight recklessly!
You are too injured to fight recklessly!
You are too injured to fight recklessly!
You are too injured to fight recklessly!
You are too injured to fight recklessly!
A quokka is nearby!
A quokka is nearby!
A quokka is nearby!
A quokka is nearby!
Unknown command.
Unknown command.
A quokka is nearby!
A quokka is nearby!
You hit the quokka. Your grab misses the quokka. You squeeze the quokka.
You kill the quokka!
You see here a quokka corpse.
d - 157 stones {throwing} (gained 5)
A quokka comes into view. 😎 HP[+2]
Your hp is fully restored (34).
A quokka is nearby!
A quokka is nearby!
You throw a stone {throwing}.
The stone {throwing} completely misses the quokka.
You throw a stone {throwing}.
The stone {throwing} hits the quokka but does no damage.
You throw a stone {throwing}.
The stone {throwing} closely misses the quokka.
You throw a stone {throwing}.
The stone {throwing} completely misses the quokka.
The quokka twitches its whiskers.
The quokka barely misses you.
You hit the quokka. Your grab misses the quokka. The quokka closely misses you.
You hit the quokka.
You kill the quokka!
No target in view!
No target in view!
No target in view!
No target in view!
No target in view!
No target in view!
No target in view!
No target in view!
No target in view!
d - 154 stones {throwing} (gained 1)
d - 156 stones {throwing} (gained 2)
An iguana comes into view.
An iguana is nearby!
An iguana is nearby!
You throw a stone {throwing}.
The stone {throwing} hits the iguana but does no damage.
You throw a stone {throwing}.
The stone {throwing} barely misses the iguana.
You hit the iguana but do no damage. Your grab misses the iguana.
The iguana bites you!
You are too injured to fight recklessly!
You are too injured to fight recklessly! 😮 HP[-13]
You take 13 damage, and now have 21/34 hp.
MASSIVE DAMAGE!! (PAUSE)
You barely miss the iguana. Your grab misses the iguana.
Your squeeze misses the iguana. The iguana bites you.
* * * LOW HITPOINT WARNING * * *
😨 HP[-4]
You take 4 damage, and now have 17/34 hp.
You completely miss the iguana. Your grab misses the iguana.
The iguana bites you!
* * * LOW HITPOINT WARNING * * *
😱 HP[-10]
You take 10 damage, and now have 7/34 hp.
MASSIVE DAMAGE!! (PAUSE)
Okay, then.
Okay, then.
You don't know any spells.
Unknown command.
You aren't carrying any items that you can evoke.
Okay, then.
It was a potion of curing.
You feel better. The iguana closely misses you. 😨 HP[+9]
You regained 9 hp, and now have 16/34 hp.
It was a potion of brilliance.
You feel clever all of a sudden. The iguana bites you!
* * * LOW HITPOINT WARNING * * *
😱 HP[-13]
You take 13 damage, and now have 3/34 hp.
MASSIVE DAMAGE!! (PAUSE)
You feel better. The iguana bites you!
You die...

Skill      XL: |  1  2  3  4  5 |
---------------+----------------+-----
Dodging        | 2 3 4 |  4.0
Long Blades    | 1 2 |  2.4
Fighting       | |  2.0
Short Blades   | |  2.0
Throwing       | |  2.0
Stealth        | |  5.3

Action                   |  1- 3 |  4- 6 || total
-------------------------+-------+-------++-------
Melee: Dagger            |    60 |    55 ||   115
       Constrict         |    11 |    13 ||    24
       Tentacles         |    11 |    11 ||    22
Throw: Dart              |    13 |     1 ||    14
       Stone             |    76 |    83 ||   159
  Use: Potion            |       |     6 ||     6
 Stab: Sleeping          |     3 |     4 ||     7
Armor: Skin              |     4 |     5 ||     9
Dodge: Dodged            |    34 |    39 ||    73

Levels and vault maps discovered:
D:1:      dpeg_arrival_rooms_b, layout_loops_cross, minmay_cupped
D:2:      layout_loops_ring, shapermc_ecumenical_altar_ellora,
          nicolae_shop_unique_rings, hangedman_abyss_or_decor_lesser_grid,
          minmay_domino_2
D:3:      layout_rooms
D:4:      nicolae_BIG_FREAKIN_CUBE, layout_basic, grunt_ministairs_7

Notes
Turn   | Place    | Note
-------+----------+-------------------------------------------
     0 | D:1      | spaghetti the Octopode Brigand began the quest for the Orb.
     0 | D:1      | Reached XP level 1. HP: 14/14 MP: 1/1
     0 | D:1      | magus.rc [v1.9.6]
   119 | D:1      | Reached XP level 2. HP: 10/19 MP: 2/2
   381 | D:1      | Reached skill level 2 in Dodging
   440 | D:1      | Reached skill level 1 in Long Blades
   604 | D:1      | Reached XP level 3. HP: 24/24 MP: 3/3
  1358 | D:2      | Reached skill level 3 in Dodging
  1567 | D:2      | Reached XP level 4. HP: 29/29 MP: 4/4
  1701 | D:2      | Found a faded altar of an unknown god.
  1899 | D:2      | Found Fudikhle's One-of-a-Kind Rings.
  2006 | D:3      | Reached skill level 2 in Long Blades
  2258 | D:3      | HP: 6/29 [rat (3)]
  2260 | D:3      | HP: 1/29 [frozen (2)]
  2607 | D:3      | Reached XP level 5. HP: 34/34 MP: 5/5
  2724 | D:3      | You pick up a book of Touch and begin reading...
  2724 | D:3      | You add the spells Static Discharge, Sticky Flame and
                  | Dispel Undead to your library.
  3166 | D:4      | Reached skill level 4 in Dodging
  3262 | D:4      | HP: 7/34 [iguana (10)]
  3264 | D:4      | HP: 3/34 [iguana (13)]
  3265 | D:4      | Slain by an iguana

Vanquished Creatures
  4 gnolls (D:3)
  An adder (D:2)
  A dart slug (D:1)
  3 orcs
  9 ball pythons
  9 endoplasms
  4 giant cockroaches
  7 goblins
  4 hobgoblins
  8 jackals
  9 kobolds
  3 quokkas
  5 bats
  4 frilled lizards
  6 rats
77 creatures vanquished.

Vanquished Creatures (others)
  2 fungi (D:2)
  A plant (D:2)
3 creatures vanquished.

Grand Total: 80 creatures vanquished

Table legend:
 A = Non-vault XP
 B = Vault XP
 C = Vault XP percentage of total XP
 D = Non-vault monster count
 E = Vault monster count
 F = Vault count percentage of total count
                 A         B        C        D         E       F
            +---------+---------+-------+---------+---------+-------
      Total |     186 |      11 |   5.6 |      71 |       6 |   7.8
            +---------+---------+-------+---------+---------+-------
        D:1 |      51 |       4 |   7.3 |      31 |       2 |   6.1
        D:2 |      31 |       3 |   8.8 |      12 |       2 |  14.3
        D:3 |      84 |       0 |   0.0 |      18 |       0 |   0.0
        D:4 |      20 |       4 |  16.7 |      10 |       2 |  16.7
            +---------+---------+-------+---------+---------+-------

Illustrated notes

Table legend:
 A = Kills in this place as a percentage of kills in entire the game.
 B = Kills by you in this place as a percentage of kills by you in the entire game.
 C = Kills by friends in this place as a percentage of kills by friends in the entire game.
 D = Other kills in this place as a percentage of other kills in the entire game.
 E = Experience gained in this place as a percentage of experience gained in the entire game.
 F = Experience gained in this place divided by the number of levels of this place that you have seen.
                   A       B       C       D       E      F
               +-------+-------+-------+-------+-------+----------------------
         Total | 100.0 | 100.0 |   N/A |   N/A | 100.0 |  49.2
       Dungeon | 100.0 | 100.0 |   N/A |   N/A | 100.0 |  49.2
               +-------+-------+-------+-------+-------+----------------------

Table legend: (Time is in decaauts)
 A = Elapsed time spent in this place.
 B = Non-inter-level travel time spent in this place.
 C = Inter-level travel time spent in this place.
 D = Time resting spent in this place.
 E = Time spent auto-exploring this place.
 F = Levels seen in this place.
 G = Mean time per level.
                   A        B        C        D        E       F      G
               +--------+--------+--------+--------+--------+-----+--------+
         Total |   3253 |   3188 |     65 |    521 |   2199 |   4 |  813.2 |
       Dungeon |   3253 |   3188 |     65 |    521 |   2199 |   4 |  813.2 |
               +--------+--------+--------+--------+--------+-----+--------+

Top non-repeatable levels by time:
     D:1: 1138 daAuts
     D:2: 858 daAuts
     D:3: 707 daAuts
     D:4: 549 daAuts
